 Dungeon Crawl Stone Soup version 0.17-a0-2073-gde5cdba (webtiles) character file.

711 Ohli the Covered (level 7, -4/63 HPs)
             Began as a Minotaur Fighter on Oct 15, 2015.
             Was a Believer of Nemelex Xobeh.
             Slain by an orc warrior
             ... wielding a +4 battleaxe
              (12 damage)
             ... on level 5 of the Dungeon.
             The game lasted 00:14:09 (3813 turns).

Ohli the Covered (Minotaur Fighter)                 Turns: 3813, Time: 00:14:09

Health: -4/63      AC:  4    Str: 24    XL:     7   Next: 40%
Magic:  6/6        EV: 11    Int:  5    God:    Nemelex Xobeh [**....]
Gold:   218        SH:  0    Dex: 10    Spells: 0 memorised, 6 levels left

rFire  . . .     SeeInvis .     w - +4 dire flail "Vequd" {freeze, Str+2}
rCold  . . .     Clarity  .     b - +0 scale mail
rNeg   . . .     SustAt   .     (no shield)
rPois  .         Gourm    .     (helmet restricted)
rElec  .         Spirit   .     (no cloak)
rCorr  .         Warding  .     (no gloves)
rMut   .         Stasis   .     (no boots)
MR     .....                    (no amulet)
Stlth  ..........               (no ring)
                                (no ring)

@: corroded equipment, not resistant to hostile enchantments, extremely
unstealthy
A: retaliatory headbutt, horns 2
a: Renounce Religion


You were on level 5 of the Dungeon.
You worshipped Nemelex Xobeh.
Nemelex Xobeh was pleased with you.
You were hungry.

You visited 1 branch of the dungeon, and saw 5 of its levels.

You collected 218 gold pieces.

Inventory:

Hand Weapons
 a - a +0 war axe
 l - a +2 flail of holy wrath
 w - the +4 dire flail "Vequd" (weapon) {freeze, Str+2}
   (You found it on level 4 of the Dungeon)

   It has been specially enchanted to freeze those struck by it, causing extra
   injury to most foes and up to half again as much damage against particularly
   susceptible opponents.
   It can also slow down cold-blooded creatures.
   It affects your strength (+2).
Missiles
 u - 2 throwing nets (quivered)
Armour
 b - a +0 scale mail (worn)
 c - a +0 shield
 x - a +0 chain mail
Wands
 z - a wand of disintegration (16)
Scrolls
 h - 4 scrolls of identify {unknown}
 n - 2 scrolls of random uselessness {unknown}
 r - 3 scrolls of teleportation {unknown}
 s - 4 scrolls of remove curse {unknown}
 y - a scroll of amnesia {unknown}
 B - 2 scrolls of enchant armour {unknown}
 C - a scroll of recharging {unknown}
 E - a scroll of holy word {unknown}
Potions
 d - a potion of might
 f - a potion of brilliance {unknown}
 g - a potion of cure mutation {unknown}
 i - a potion of heal wounds {unknown}
 k - 4 potions of haste {unknown}
 p - 3 potions of curing {unknown}
 t - a potion of poison {unknown}
 F - a potion of lignification {unknown}
Miscellaneous
 v - a plain deck of war
 A - a plain deck of destruction
Comestibles
 e - 3 bread rations
 j - 8 fruits
 m - 4 beef jerkies
 o - 5 meat rations
 q - 2 slices of pizza
 D - a chunk of flesh


   Skills:
 * Level 6.0 Fighting
 - Level 2.4(3.0) Axes
 * Level 2.6(3.1) Maces & Flails
 * Level 7.7 Armour
 + Level 2.7 Dodging
 - Level 4.3 Shields


You had 6 spell levels left.
You didn't know any spells.

Dungeon Overview and Level Annotations

Branches:
Dungeon (5/15)             Temple (0/1) D:4

Altars:
Ashenzari
Cheibriados
Elyvilon
Fedhas
Gozag
Kikubaaqudgha
Nemelex Xobeh


Innate Abilities, Weirdness & Mutations

You reflexively headbutt those who attack you in melee.
You have a pair of horns on your head.


Message History

You headbutt the orc warrior, but do no damage.
You hit the orc warrior. You freeze the orc warrior.
You headbutt the orc warrior.
The orc warrior is heavily wounded.
The orc warrior hits you with an enchanted battleaxe.
You hit the orc warrior. You freeze the orc warrior.
The orc warrior is severely wounded.
You hit the orc warrior but do no damage.
The orc warrior is severely wounded.
The orc warrior hits you with an enchanted battleaxe!
* * * LOW HITPOINT WARNING * * *
You hit the orc warrior but do no damage.
The orc warrior is severely wounded.
The orc warrior hits you with an enchanted battleaxe.
* * * LOW HITPOINT WARNING * * *
You barely miss the orc warrior. You headbutt the orc warrior.
The orc warrior is severely wounded.
The orc warrior hits you with an enchanted battleaxe!
You die...
Your body glows slightly and disappears.

# ... ...# #...#
....## #..# #...#
##.## #..# ##.## .. .#
#+###..### .# #.. ..
+_ ...>..# # #### ..
## #..#.### .# . # ##
#..#...####.# #
...#######....#......#
.....ooo@..##.#......#
.....Z###............#
..... ###.#.#).....#
.... #.#.#......# ...
..#.#......# ..
####.#......# .
#.#......# #.#......#
#..#####.#


You could see an orc warrior, 2 orcs and a giant frog skeleton.

Vanquished Creatures
  The ghost of Rayvis the Covert, a novice OpAs (D:5)
  An ogre (D:5)
  The ghost of Gruud the Insei, an amateur DsTm (D:4)
  A scorpion (D:3)
  A centaur skeleton (D:5)
  A jelly (D:5)
  2 worker ants (D:5)
  2 adders (D:2)
  4 gnolls (D:3)
  3 oozes
  2 worms (D:2)
  2 orcs
  6 giant cockroaches
  10 goblins
  9 hobgoblins
  3 jackals (D:2)
  4 kobolds
  A ball python (D:5)
  A ball python skeleton (D:5)
  8 bats
  5 giant newts
  A quokka skeleton (D:5)
  7 rats
76 creatures vanquished.

Notes
Turn   | Place    | Note
--------------------------------------------------------------
     0 | D:1      | Ohli the Minotaur Fighter began the quest for the Orb.
     0 | D:1      | Reached XP level 1. HP: 19/19 MP: 0/0
   263 | D:1      | Reached XP level 2. HP: 27/27 MP: 1/1
   286 | D:1      | Reached skill level 4 in Fighting
   789 | D:2      | Found an opulent altar of Gozag.
   861 | D:2      | Reached XP level 3. HP: 30/33 MP: 2/2
  1107 | D:2      | Reached XP level 4. HP: 14/41 MP: 3/3
  1795 | D:3      | Found a white marble altar of Elyvilon.
  1799 | D:3      | Found a blossoming altar of Fedhas.
  1801 | D:3      | Found a shattered altar of Ashenzari.
  1804 | D:3      | Found an ancient bone altar of Kikubaaqudgha.
  2035 | D:3      | Reached skill level 1 in Dodging
  2048 | D:3      | Reached skill level 5 in Armour
  2282 | D:3      | Reached skill level 5 in Fighting
  2282 | D:3      | Reached XP level 5. HP: 46/48 MP: 4/4
  2358 | D:3      | Found a sparkling altar of Nemelex Xobeh.
  2362 | D:3      | Became a worshipper of Nemelex Xobeh the Trickster
  2375 | D:3      | Received a gift from Nemelex Xobeh
  2703 | D:4      | Found a staircase to the Ecumenical Temple.
  2719 | D:4      | Got a translucent dire flail
  2725 | D:4      | Identified the +4 dire flail "Vequd" {freeze, Str+2} (You found it on level 4 of the Dungeon)
  2852 | D:4      | Noticed Gruud's ghost (amateur DsTm)
  2934 | D:4      | Reached * piety under Nemelex Xobeh
  2983 | D:4      | Received a gift from Nemelex Xobeh
  3000 | D:4      | Found a blossoming altar of Fedhas.
  3228 | D:4      | Killed Gruud's ghost
  3473 | D:5      | Entered Level 5 of the Dungeon
  3485 | D:5      | Noticed Rayvis's ghost (novice OpAs)
  3498 | D:5      | Killed Rayvis's ghost
  3498 | D:5      | Reached skill level 7 in Armour
  3498 | D:5      | Reached XP level 6. HP: 49/57 MP: 5/5
  3498 | D:5      | Reached XP level 7. HP: 53/62 MP: 6/6
  3703 | D:5      | Reached ** piety under Nemelex Xobeh
  3774 | D:5      | Noticed an ogre
  3779 | D:5      | Killed an ogre
  3797 | D:5      | Noticed an orc warrior
  3802 | D:5      | Found a snail-covered altar of Cheibriados.
  3813 | D:5      | Slain by an orc warrior

Vault maps used:
D:1:      tarquinn_simple_flora_water_f
D:2:      kennysheep_six_static_rooms, grunt_gozag_statues
D:3:      minitemple, nemelex_diamond_rough_becter
D:4:      minmay_temple_entry_purple_smoke, first_bread, fedhas_altar_3
D:5:      lemuel_doored_altar, serial_shops, kennysheep_mini,
          nemelex_dance_club_becter

Action                   |  1- 3 |  4- 6 |  7- 9 || total
-------------------------+-------+-------+-------++-------
Melee: War axe           |    82 |    44 |       ||   126
       Flail             |       |    14 |       ||    14
       Dire flail        |       |    18 |    28 ||    46
  Eat: Chunk             |       |     4 |     1 ||     5
       Royal jelly       |       |     1 |       ||     1
       Pizza             |       |     1 |       ||     1
